 Dungeon Crawl Stone Soup version 0.31-a0-150-g89dc3ad700 (webtiles) character file.

Game seed: 17952686946433311338

348 qw the Shooter (level 6, -1/39 HPs)
             Began as a Gargoyle Hunter on June 8, 2023.
             Was an Initiate of Okawaru.
             Slain by an iguana (5 damage)
             ... on level 5 of the Dungeon.
             The game lasted 00:01:08 (2867 turns).

qw the Shooter (Gargoyle Hunter)                    Turns: 2867, Time: 00:01:09

Health: -1/39      AC: 10    Str: 14    XL:     6   Next: 60%
Magic:  6/6        EV: 10    Int: 10    God:    Okawaru [......]
Gold:   319        SH:  0    Dex: 15    Spells: 5/5 levels left

rFire   + . .        Y - +2 shortbow (heavy)
rCold   + . .        (shield currently unavailable)
rNeg    + . .        h - +0 ring mail
rPois   inf          (no helmet)
rElec   +            k - scarf {rC+ rF+}
rCorr   .            (no gloves)
SInv    .            i - +0 pair of boots
Will    .....        (no amulet)
Stlth   +            (no ring)
HPRegen 0.26/turn    (no ring)
MPRegen 0.10/turn

%: no passive effects
@: about to teleport
A: sickness immunity, AC +4, negative energy resistance 1, electricity
resistance, torment resistance 1, petrification resistance
a: Renounce Religion


You were on level 5 of the Dungeon.
You worshipped Okawaru.
Okawaru was noncommittal.
You visited 1 branch of the dungeon, and saw 5 of its levels.

You collected 319 gold pieces.


Innate Abilities, Weirdness & Mutations

You are immune to sickness and miasma.
Your stone body is resilient. (AC +4)
You are immune to poison.
You resist negative energy. (rN+)
You are resistant to electric shocks. (rElec)
You are resistant to unholy torment.
You are immune to petrification.


   Skills:
 - Level 4.6 Fighting
 + Level 6.5 Ranged Weapons
 - Level 1.0 Armour
 - Level 1.5 Dodging
 - Level 1.1 Stealth


You had 5 spell levels left.
You didn't know any spells.
Your spell library was empty.

Inventory:

Hand Weapons
 Y - a +2 heavy shortbow (weapon)
Armour
 h - a +0 ring mail (worn)
 i - a +0 pair of boots (worn)
 k - a scarf of resistance (worn)
Scrolls
 b - a scroll of teleportation
Potions
 a - a potion of haste {unknown}
 c - a potion of brilliance {unknown}
 d - a potion of heal wounds {unknown}
 f - a potion of resistance {unknown}
 g - 3 potions of curing
 j - a potion of might
 l - a potion of mutation {unknown}

Dungeon Overview and Level Annotations

Branches:
Dungeon (5/15)
 Temple: D:4-7

Altars:
Okawaru

Annotations:
D:2 1 runed translucent door, Crazy Yiuf


Message History

You kill the scorpion!
Okawaru accepts your kill.
Your Fighting skill increases to level 4!
You have reached level 6!
You shoot an arrow. The arrow hits the orc.
The orc is moderately wounded.
The orc hits you but does no damage. x2; The orc misses you.
You shoot an arrow. The arrow hits the orc!
You kill the orc!
Okawaru accepts your kill. The orc hits you with a +0 short sword.
The iguana bites you!
You shoot an arrow. The arrow hits the ice beast!
The ice beast is heavily wounded.
The iguana bites you!
The ice beast hits you but does no damage.
The ice beast completely misses you. The iguana bites you.
You shoot an arrow. The arrow barely misses the ice beast.
The iguana misses you.
The ice beast hits you but does no damage.
You shoot an arrow. The arrow hits the ice beast!
The ice beast is almost dead.
The iguana bites you but does no damage.
The ice beast hits you but does no damage.
The iguana closely misses you. The ice beast closely misses you.
You shoot an arrow. The arrow hits the ice beast.
You kill the ice beast!
Okawaru accepts your kill. The iguana bites you! The iguana misses you.
The orc barely misses you.
2865 ||| READING 2 scrolls of teleportation.
As you read the scroll of teleportation, it crumbles to dust.
You feel strangely unstable. The iguana barely misses you.
The orc hits you but does no damage.
You shoot an arrow. The arrow hits the iguana.
The iguana is lightly wounded.
The iguana bites you but does no damage.
The orc closely misses you. The iguana barely misses you.
The orc barely misses you.
You shoot an arrow. The arrow barely misses the iguana.
The iguana bites you.
You die...

.... ### ..#.
#.. ... #.# ..#
# #.# ). .. #.#
.##.###
#.####.##o......
#.......@l...#
######.#######
#...# ###.###
#...######
#.#........
#...#######
##..# ##..#


You could see an iguana and an orc.

Vanquished Creatures
  An ice beast (D:5)
  A scorpion (D:5)
  A sleepcap (D:4)
  2 iguanas (D:4)
  A gnoll (D:1)
  2 adders (D:4)
  3 worms
  2 dart slugs
  6 orcs
  8 bats
  10 endoplasms
  A giant cockroach (D:3)
  3 hobgoblins
  10 jackals
  3 kobolds
  6 quokkas
  3 ball pythons
  2 frilled lizards
  2 goblins
  7 rats
74 creatures vanquished.

Notes
Turn   | Place    | Note
-------+----------+-------------------------------------------
     0 | D:1      | qw the Gargoyle Hunter began the quest for the Orb.
     0 | D:1      | Reached XP level 1. HP: 12/12 MP: 1/1
     0 | D:1      | 0 ||| qw: Version: 0.2-a-119-g7aa9181
     0 | D:1      | 0 ||| qw: Game counter: 2814
     0 | D:1      | 0 ||| qw: Always use a shield: true
     0 | D:1      | 0 ||| qw: God list: Okawaru
     0 | D:1      | 0 ||| qw: Allow faded altars: false
     0 | D:1      | 0 ||| qw: Do Orc after D:15 true
     0 | D:1      | 0 ||| qw: Do second Lair branch before Depths: true
     0 | D:1      | 0 ||| qw: Lair rune preference: random
     0 | D:1      | 0 ||| qw: Plans: Normal
     0 | D:1      | 0 ||| PLANNING D:1-11
    78 | D:1      | Reached XP level 2. HP: 17/17 MP: 2/2
   352 | D:1      | Found a faded altar of an unknown god.
   405 | D:1      | Reached skill level 5 in Ranged Weapons
   405 | D:1      | Reached XP level 3. HP: 21/21 MP: 3/3
   515 | D:1      | 515 ||| READING scroll labelled IROIXE CYGRAPOO.
   529 | D:1      | 529 ||| READING scroll labelled BAEDOI PIME.
   530 | D:1      | 530 ||| READING scroll labelled ENUFYBL IPSEQ.
   531 | D:1      | 531 ||| READING scroll labelled JAUNIHEYT.
   532 | D:1      | 532 ||| READING scroll labelled IDGHEPH YNUOXA.
   535 | D:1      | 535 ||| READING scroll labelled BICWOUCWIS.
   536 | D:1      | 536 ||| READING scroll labelled BETAYBB ZOIJEFO.
   637 | D:1      | 637 ||| DRINKING 2 fuming ruby potions.
   638 | D:1      | 638 ||| DRINKING 2 lumpy dark potions.
   639 | D:1      | 639 ||| DROPPING scroll of butterflies.
  1077 | D:2      | Found a runed translucent door.
  1078 | D:2      | Noticed Crazy Yiuf
  1377 | D:2      | 1377 ||| UPGRADING to +0 ring mail.
  1387 | D:2      | 1387 ||| DROPPING +0 leather armour.
  1388 | D:2      | 1388 ||| UPGRADING to +0 pair of boots.
  1393 | D:2      | 1393 ||| READING scroll labelled QIP ACEIDIKK.
  1394 | D:2      | 1394 ||| READING scroll labelled XODIOB RUHAAJA.
  1474 | D:3      | Reached XP level 4. HP: 27/27 MP: 4/4
  1490 | D:3      | Reached skill level 1 in Armour
  1497 | D:3      | Reached skill level 3 in Fighting
  1503 | D:3      | 1503 ||| FLEEEEING.
  1504 | D:3      | 1504 ||| FLEEEEING.
  1667 | D:3      | 1667 ||| READING scroll of enchant weapon.
  1667 | D:3      | 1667 ||| ENCHANTING +1 shortbow.
  1693 | D:3      | Found an iron altar of Okawaru.
  1694 | D:3      | 1694 ||| PLANNING OKAWARU WORSHIP
  1694 | D:3      | 1694 ||| DRINKING 2 golden potions.
  1695 | D:3      | 1695 ||| DROPPING potion of degeneration.
  1704 | D:3      | Became a worshipper of Warmaster Okawaru
  1704 | D:3      | 1704 ||| PLANNING D:1-11
  2030 | D:4      | Reached XP level 5. HP: 19/32 MP: 5/5
  2235 | D:4      | Reached skill level 6 in Ranged Weapons
  2426 | D:4      | HP: 5/32 [gnoll bouda/+0 whip (5)]
  2427 | D:4      | 2427 ||| READING 3 scrolls of teleportation.
  2770 | D:4      | 2770 ||| UPGRADING to scarf of resistance.
  2775 | D:4      | 2775 ||| READING scroll labelled LAMOET KUNWA.
  2812 | D:5      | Entered Level 5 of the Dungeon
  2856 | D:5      | Noticed an ice beast
  2859 | D:5      | Reached XP level 6. HP: 39/39 MP: 6/6
  2864 | D:5      | Killed an ice beast
  2864 | D:5      | HP: 3/39 [iguana (10)]
  2865 | D:5      | 2865 ||| READING 2 scrolls of teleportation.
  2867 | D:5      | Slain by an iguana

Levels and vault maps discovered:
D:1:      dpeg_arrival_simpleton_b, layout_rooms,
          hellmonk_ecumenical_altar_run_dry
D:2:      layout_basic, serial_rivers, chequers_serial_rivers_marsh,
          chequers_serial_rivers_micro_a, chequers_serial_rivers_marsh,
          chequers_serial_rivers_small_b, chequers_serial_rivers_small_a,
          chequers_serial_rivers_room_b, uniq_crazy_yiuf_cottage
D:3:      layout_rooms, old_standard_altar
D:4:      minmay_chambers_of_threes, layout_basic
D:5:      layout_loops_ring, minmay_temple_entry_antechambers, hellmonk_no_cap

Skill      XL: |  1  2  3  4  5 |
---------------+----------------+-----
Ranged Weapons | 5 6 |  6.5
Armour         | 1 |  1.0
Fighting       | 3 4 |  4.6
Dodging        | |  1.5
Stealth        | |  1.1

Action                     |  1- 3 |  4- 6 || total
---------------------------+-------+-------++-------
   Fire: Shortbow          |   135 |   142 ||   277
    Use: Scroll            |     9 |     4 ||    13
         Potion            |     2 |     1 ||     3
 Armour: Leather armour    |    25 |       ||    25
         Ring mail         |     4 |    37 ||    41
  Dodge: Dodged            |    49 |    59 ||   108

Table legend:
 A = Non-vault XP
 B = Vault XP
 C = Vault XP percentage of total XP
 D = Non-vault monster count
 E = Vault monster count
 F = Vault count percentage of total count
                 A         B        C        D         E       F
            +---------+---------+-------+---------+---------+-------
      Total |     430 |      68 |  13.7 |      64 |      10 |  13.5
            +---------+---------+-------+---------+---------+-------
        D:1 |      49 |       0 |   0.0 |      20 |       0 |   0.0
        D:2 |      26 |       0 |   0.0 |      12 |       0 |   0.0
        D:3 |      41 |       0 |   0.0 |      22 |       0 |   0.0
        D:4 |      91 |      68 |  42.8 |       5 |      10 |  66.7
        D:5 |     223 |       0 |   0.0 |       5 |       0 |   0.0
            +---------+---------+-------+---------+---------+-------
